 Dungeon Crawl Stone Soup version 0.22.0-40-g68aacdc (webtiles) character file.

10670 LeonardWolfe the Thaumaturge (level 11, 0/86 HPs)
             Began as a Gnoll Skald on Aug 31, 2018.
             Was a Believer of Uskayaw.
             Slain by a komodo dragon (27 damage)
             ... on level 1 of the Lair of Beasts on Sept 1, 2018.
             The game lasted 02:00:29 (11876 turns).

LeonardWolfe the Thaumaturge (Gnoll Skald)         Turns: 11876, Time: 02:00:29

Health: 0/86       AC: 11    Str: 14    XL:     11   Next: 65%
Magic:  22/23      EV: 16    Int: 18    God:    Uskayaw [**....]
Gold:   355        SH:  5    Dex: 15    Spells: 15/26 levels left

rFire    + . .     SeeInvis +   O - +0 war axe
rCold    . . .     Gourm    .   U - +0 buckler
rNeg     . . .     Faith    .   T - +0 troll leather armour
rPois    +         Spirit   .   I - +0 helmet {SInv}
rElec    .         Reflect  .   (no cloak)
rCorr    .         Harm     .   g - +2 pair of gloves
MR       .....                  N - +0 pair of boots
Stlth    +++.......             F - amulet of magic regeneration
HPRegen  0.64/turn              u - ring of poison resistance
MPRegen  0.43/turn              r - ring of protection from fire

@: drained
A: distributed training, fangs 1, strong nose
a: Stomp, Line Pass, Renounce Religion


You were on level 1 of the Lair of Beasts.
You worshipped Uskayaw.
Uskayaw was noncommittal.
You were not hungry.

You visited 3 branches of the dungeon, and saw 12 of its levels.

You collected 355 gold pieces.

Inventory:

Hand Weapons
 O - a +0 war axe (weapon)
Missiles
 k - 65 poisoned needles
 s - 12 tomahawks (quivered)
 w - 4 throwing nets
 G - 5 javelins
 M - 5 needles of sleeping
Armour
 b - a +1 leather armour
 g - a +2 pair of gloves (worn)
 j - a +0 ring mail
 I - a +0 helmet of see invisible (worn)
 N - a +0 pair of boots (worn)
 T - a +0 troll leather armour (worn)
 U - a +0 buckler (worn)
Jewellery
 n - an uncursed ring of wizardry
 o - an uncursed ring of flight
 p - an uncursed ring of magical power
 r - a ring of protection from fire (right hand)
 t - an uncursed ring of stealth
 u - a ring of poison resistance (left hand)
 y - an uncursed ring of wizardry
 B - an uncursed ring of protection from fire
 F - an amulet of magic regeneration (around neck)
Wands
 x - a wand of iceblast (12)
 z - a wand of scattershot (15)
 C - a wand of flame (37)
 H - a wand of paralysis (8)
 P - a wand of acid (5)
Scrolls
 c - 3 scrolls of teleportation {unknown}
 f - a scroll of amnesia
 l - 2 scrolls of magic mapping
 q - a scroll of enchant armour
 A - 5 scrolls of remove curse
 D - 2 scrolls of enchant weapon {unknown}
 K - 2 scrolls of identify
 L - 2 scrolls of immolation {unknown}
 Q - a scroll of fog {unknown}
Potions
 a - 3 potions of curing {unknown}
 e - 2 potions of cancellation
 i - 3 potions of heal wounds
 m - 2 potions of magic
 v - 2 potions of brilliance
 E - a potion of resistance {unknown}
 J - a potion of berserk rage {unknown}
 R - 2 potions of agility {unknown}
 S - 3 potions of haste {unknown}
Comestibles
 d - 20 rations


   Skills:
 + Level 7.9(7.5) Fighting
 + Level 6.4(5.9) Short Blades
 + Level 6.4(5.9) Long Blades
 + Level 7.9(7.5) Axes
 + Level 6.4(5.9) Maces & Flails
 + Level 6.4(5.9) Polearms
 + Level 6.4(5.9) Staves
 + Level 6.4(5.9) Slings
 + Level 6.4(5.9) Bows
 + Level 6.4(5.9) Crossbows
 + Level 6.4(5.9) Throwing
 + Level 6.9(6.5) Armour
 + Level 7.9(7.5) Dodging
 + Level 6.4(5.9) Stealth
 + Level 6.4(5.9) Shields
 + Level 6.4(5.9) Unarmed Combat
 + Level 8.2(7.7) Spellcasting
 + Level 5.3(4.8) Conjurations
 + Level 5.3(4.8) Hexes
 + Level 7.7(7.2) Charms
 + Level 5.3(4.8) Summonings
 + Level 5.3(4.8) Necromancy
 + Level 5.3(4.8) Translocations
 + Level 5.3(4.8) Transmutations
 + Level 5.3(4.8) Fire Magic
 + Level 5.3(4.8) Ice Magic
 + Level 5.3(4.8) Air Magic
 + Level 5.3(4.8) Earth Magic
 + Level 5.3(4.8) Poison Magic
 + Level 7.0(6.6) Invocations
 + Level 6.4(5.9) Evocations


You had 15 spell levels left.
You knew the following spells:

 Your Spells              Type           Power        Failure   Level  Hunger
a - Infusion              Chrm           ####         1%          1    None
b - Song of Slaying       Chrm           ####....     1%          2    None
c - Shroud of Golubria    Chrm/Tloc      ####......   1%          2    None
d - Regeneration          Chrm/Necr      ####......   3%          3    #......
e - Spectral Weapon       Hex/Chrm       ####....     3%          3    #......

Your spell library contained the following spells:

 Spells                   Type           Power        Failure   Level  Hunger
 Corona                   Hex            ###....      1%          1    None
 Magic Dart               Conj           ###.         1%          1    None
 Searing Ray              Conj           ###...       2%          2    None
 Slow                     Hex            ###.....     2%          2    None
 Dazzling Spray           Conj/Hex       ###...       4%          3    #......
 Inner Flame              Hex/Fire       ###.....     4%          3    #......
 Portal Projectile        Hex/Tloc       ###...       4%          3    #......
 Cause Fear               Hex            ###.......   16%         4    ###....
 Force Lance              Conj/Tloc      ###.....     16%         4    ###....
 Fulminant Prism          Conj/Hex       ###.......   16%         4    ###....
 Iskenderun's Mystic Bla  Conj           ###.....     16%         4    ###....
 Leda's Liquefaction      Hex/Erth       ###.......   16%         4    ###....
 Irradiate                Conj/Tmut      ###.......   41%         5    #####..
 Hydra Form               Tmut           ###.......   94%         6    ######.
 Statue Form              Tmut/Erth      ###......    94%         6    ######.
 Dragon Form              Tmut           ###.......   100%        7    #######


Dungeon Overview and Level Annotations

Branches:
Dungeon (10/15)            Temple (1/1) D:7            Lair (1/6) D:10
    Orc: D:9-12

Altars:
Ashenzari
Cheibriados
Dithmenos
Elyvilon
Fedhas
Gozag
Hepliaklqana
Kikubaaqudgha
Makhleb
Nemelex Xobeh
Okawaru
Qazlal
Ru
Sif Muna
Trog
Uskayaw
Vehumet
Wu Jian
Xom
Yredelemnul
Zin
The Shining One

Annotations:
D:6 3 runed doors, flestrin's ghost, novice HOFi
D:8 Harold
D:9 exclusions: 2 gnolls and gnoll sergeant
D:10 Erolcha


Innate Abilities, Weirdness & Mutations

Your experience applies equally to all skills.
You have very sharp teeth.
Your uncanny sense of smell can sniff out nearby items.


Message History

Confirm with . or Enter, or press ? or * to list all spells.
You draw out your weapon's spirit!
The spiny frog misses you. The komodo dragon bites you!!
You slash the spiny frog!
You bite the spiny frog, but do no damage.
The spiny frog is almost dead.
You closely miss the komodo dragon.
Your spectral weapon hits the spiny frog!
You kill the spiny frog!
The komodo dragon barely misses you.
You slash the komodo dragon!
The komodo dragon is moderately wounded.
Your spectral weapon hits the komodo dragon!
The komodo dragon bites you!!
You can now pass through a line of other dancers.
You hit the komodo dragon but do no damage.
The komodo dragon is heavily wounded.
Your spectral weapon hits the komodo dragon!
The komodo dragon bites you!!
You die...

.....#.#.PP##....# ..
.....#######.....# ...
.................# #.#
.................##P.###
........................
!...........(..........∆.
..........!..............
..................####.(.
.....##+###.....@##.>.#.#
.....# ....#...#(l.......
.....#.....#..#.....8....
...........#.##...####...
............#.....#
.†...#.....#.....#.
..........###.......∆
.....#.... .........
.....# . .8.....8..>


You could see a komodo dragon and a friendly spectral war axe.

Vanquished Creatures
  A two-headed ogre (D:9)
  An unseen horror (D:10)
  A centaur zombie (D:10)
  A black mamba (Lair:1)
  A gargoyle (D:10)
  2 spiny frogs (Lair:1)
  A troll (D:10)
  2 hippogriffs
  Sigmund (D:3)
  2 wyverns
  Eustachio (D:5)
  A spriggan (D:10)
  2 wraiths
  5 yaks (D:10)
  A water moccasin (D:7)
  4 orc warriors
  2 ice beasts
  9 ogres
  A sky beast (D:8)
  Purgy (D:3)
  6 phantoms
  3 wolves (D:10)
  3 centaurs
  7 bullfrogs
  A gnoll sergeant (D:9)
  A wyvern zombie (D:9)
  5 scorpions
  5 wights
  An electric eel (D:10)
  4 crimson imps
  A quasit (D:10)
  7 hounds
  3 jellies
  4 bullfrog skeletons
  5 orc priests
  3 centaur skeletons
  An iguana (D:5)
  Ijyb (D:3)
  9 orc wizards
  10 worker ants
  A howler monkey zombie (D:10)
  12 gnolls
  A howler monkey skeleton (D:6)
  10 adders
  2 shadow imps
  An adder skeleton (D:10)
  An adder zombie (D:7)
  A worm (D:2)
  8 leopard geckos
  39 orcs
  A ball python (D:3)
  6 bats
  4 giant cockroaches
  6 goblins
  6 hobgoblins
  2 jackals (D:5)
  3 quokkas
  5 frilled lizards
  5 kobolds
  2 leopard gecko skeletons (D:5)
  A quokka skeleton (D:6)
  5 rats (D:1)
242 creatures vanquished.

Vanquished Creatures (others)
  8 spectral weapons
8 creatures vanquished.

Grand Total: 250 creatures vanquished

Notes
Turn   | Place    | Note
-------+----------+-------------------------------------------
     0 | D:1      | LeonardWolfe the Gnoll Skald began the quest for the Orb.
     0 | D:1      | Reached XP level 1. HP: 20/20 MP: 6/6
   208 | D:1      | Reached XP level 2. HP: 25/26 MP: 5/7
   241 | D:1      | Learned a level 2 spell: Song of Slaying
   244 | D:1      | Learned a level 2 spell: Shroud of Golubria
   582 | D:2      | Found a white marble altar of Elyvilon.
   642 | D:2      | Reached XP level 3. HP: 22/31 MP: 3/9
   822 | D:2      | Learned a level 3 spell: Regeneration
   826 | D:2      | Learned a level 3 spell: Spectral Weapon
   839 | D:2      | Reached skill level 5 in Spellcasting
   987 | D:2      | Found a shattered altar of Ashenzari.
  1162 | D:2      | Reached skill level 1 in Invocations
  1485 | D:2      | Found a burning altar of Makhleb.
  1490 | D:2      | Found a shimmering altar of Xom.
  1579 | D:2      | Reached skill level 1 in Short Blades
  1579 | D:2      | Reached skill level 1 in Long Blades
  1579 | D:2      | Reached skill level 1 in Maces & Flails
  1579 | D:2      | Reached skill level 1 in Polearms
  1579 | D:2      | Reached skill level 1 in Staves
  1579 | D:2      | Reached skill level 1 in Slings
  1579 | D:2      | Reached skill level 1 in Bows
  1579 | D:2      | Reached skill level 1 in Crossbows
  1579 | D:2      | Reached skill level 1 in Throwing
  1579 | D:2      | Reached skill level 1 in Stealth
  1579 | D:2      | Reached skill level 1 in Shields
  1579 | D:2      | Reached skill level 1 in Unarmed Combat
  1579 | D:2      | Reached skill level 1 in Evocations
  1634 | D:3      | Reached XP level 4. HP: 34/38 MP: 11/11
  1880 | D:3      | Noticed Sigmund
  1893 | D:3      | Killed Sigmund
  1893 | D:3      | Reached skill level 1 in Conjurations
  1893 | D:3      | Reached skill level 1 in Hexes
  1893 | D:3      | Reached skill level 1 in Summonings
  1893 | D:3      | Reached skill level 1 in Necromancy
  1893 | D:3      | Reached skill level 1 in Translocations
  1893 | D:3      | Reached skill level 1 in Transmutations
  1893 | D:3      | Reached skill level 1 in Fire Magic
  1893 | D:3      | Reached skill level 1 in Ice Magic
  1893 | D:3      | Reached skill level 1 in Air Magic
  1893 | D:3      | Reached skill level 1 in Earth Magic
  1893 | D:3      | Reached skill level 1 in Poison Magic
  1893 | D:3      | Reached XP level 5. HP: 23/43 MP: 10/12
  1893 | D:3      | Reached XP level 6. HP: 27/50 MP: 10/13
  2236 | D:3      | Reached skill level 5 in Fighting
  2236 | D:3      | Reached skill level 5 in Axes
  2236 | D:3      | Reached skill level 5 in Dodging
  2343 | D:3      | Noticed Purgy
  2384 | D:3      | Killed Purgy
  2559 | D:3      | Reached XP level 7. HP: 54/56 MP: 15/15
  2692 | D:3      | Noticed Ijyb
  2710 | D:3      | Killed Ijyb
  3532 | D:4      | Reached XP level 8. HP: 55/63 MP: 16/16
  3945 | D:5      | Entered Level 5 of the Dungeon
  4268 | D:5      | Reached skill level 6 in Spellcasting
  4481 | D:5      | Found a deep blue altar of Sif Muna.
  5038 | D:5      | Noticed Eustachio
  5112 | D:5      | Killed Eustachio
  5349 | D:6      | Reached XP level 9. HP: 48/69 MP: 18/18
  5449 | D:6      | Found a runed gate.
  5450 | D:6      | Found an opulent altar of Gozag.
  5451 | D:6      | Found a runed gate.
  5451 | D:6      | Found a runed gate.
  5451 | D:6      | Noticed flestrin's ghost (novice HOFi)
  5774 | D:6      | Found a glowing golden altar of the Shining One.
  6021 | D:7      | Found a staircase to the Ecumenical Temple.
  6066 | Temple   | Entered the Ecumenical Temple
  6151 | Temple   | Became a worshipper of Uskayaw the Reveler
  6340 | D:7      | Reached * piety under Uskayaw
  6394 | D:7      | Reached ** piety under Uskayaw
  6399 | D:7      | Reached skill level 5 in Armour
  6401 | D:7      | Reached *** piety under Uskayaw
  6406 | D:7      | Reached **** piety under Uskayaw
  6409 | D:7      | Reached ***** piety under Uskayaw
  6767 | D:7      | Upgraded the game from 0.22.0-38-g04b72b8 to 0.22.0-40-g68aacdc
  6924 | D:8      | Found a stormy altar of Qazlal.
  7057 | D:8      | Reached skill level 5 in Invocations
  7100 | D:8      | Noticed Harold
  7544 | D:8      | Reached XP level 10. HP: 77/77 MP: 18/20
  7625 | D:8      | Reached skill level 7 in Spellcasting
  8128 | D:9      | Noticed a two-headed ogre
  8155 | D:9      | Killed a two-headed ogre
  8155 | D:9      | Reached skill level 5 in Short Blades
  8155 | D:9      | Reached skill level 5 in Long Blades
  8155 | D:9      | Reached skill level 5 in Maces & Flails
  8155 | D:9      | Reached skill level 5 in Polearms
  8155 | D:9      | Reached skill level 5 in Staves
  8155 | D:9      | Reached skill level 5 in Slings
  8155 | D:9      | Reached skill level 5 in Bows
  8155 | D:9      | Reached skill level 5 in Crossbows
  8155 | D:9      | Reached skill level 5 in Throwing
  8155 | D:9      | Reached skill level 5 in Stealth
  8155 | D:9      | Reached skill level 5 in Shields
  8155 | D:9      | Reached skill level 5 in Unarmed Combat
  8155 | D:9      | Reached skill level 5 in Evocations
  9157 | D:10     | Entered Level 10 of the Dungeon
  9879 | D:10     | Found a staircase to the Lair.
  9894 | D:10     | Reached XP level 11. HP: 69/84 MP: 22/22
 10351 | D:10     | Reached skill level 5 in Conjurations
 10351 | D:10     | Reached skill level 5 in Hexes
 10351 | D:10     | Reached skill level 5 in Summonings
 10351 | D:10     | Reached skill level 5 in Necromancy
 10351 | D:10     | Reached skill level 5 in Translocations
 10351 | D:10     | Reached skill level 5 in Transmutations
 10351 | D:10     | Reached skill level 5 in Fire Magic
 10351 | D:10     | Reached skill level 5 in Ice Magic
 10351 | D:10     | Reached skill level 5 in Air Magic
 10351 | D:10     | Reached skill level 5 in Earth Magic
 10351 | D:10     | Reached skill level 5 in Poison Magic
 10460 | D:10     | Noticed an unseen horror
 10647 | D:10     | Killed an unseen horror
 10647 | D:10     | Reached skill level 8 in Spellcasting
 10731 | D:10     | Noticed Erolcha
 11677 | Lair:1   | Entered Level 1 of the Lair of Beasts
 11876 | Lair:1   | Slain by a komodo dragon

Skill      XL: |  1  2  3  4  5  6  7  8  9 10 11 |
---------------+----------------------------------+-----
Spellcasting   | 5 6 7 8 |  8.2
Invocations    | 1 2 3 4 5 6 7 |  7.0
Short Blades   | 1 2 3 4 5 6 |  6.4
Long Blades    | 1 2 3 4 5 6 |  6.4
Maces & Flails | 1 2 3 4 5 6 |  6.4
Polearms       | 1 2 3 4 5 6 |  6.4
Staves         | 1 2 3 4 5 6 |  6.4
Slings         | 1 2 3 4 5 6 |  6.4
Bows           | 1 2 3 4 5 6 |  6.4
Crossbows      | 1 2 3 4 5 6 |  6.4
Throwing       | 1 2 3 4 5 6 |  6.4
Stealth        | 1 2 3 4 5 6 |  6.4
Shields        | 1 2 3 4 5 6 |  6.4
Unarmed Combat | 1 2 3 4 5 6 |  6.4
Evocations     | 1 2 3 4 5 6 |  6.4
Armour         | 3 4 5 6 |  6.9
Conjurations   | 1 2 3 4 5 |  5.3
Hexes          | 1 2 3 4 5 |  5.3
Summonings     | 1 2 3 4 5 |  5.3
Necromancy     | 1 2 3 4 5 |  5.3
Translocations | 1 2 3 4 5 |  5.3
Transmutations | 1 2 3 4 5 |  5.3
Fire Magic     | 1 2 3 4 5 |  5.3
Ice Magic      | 1 2 3 4 5 |  5.3
Air Magic      | 1 2 3 4 5 |  5.3
Earth Magic    | 1 2 3 4 5 |  5.3
Poison Magic   | 1 2 3 4 5 |  5.3
Fighting       | 5 6 7 |  7.9
Axes           | 5 6 7 |  7.9
Dodging        | 5 6 7 |  7.9
Charms         | 6 7 |  7.7

Action                   |  1- 3 |  4- 6 |  7- 9 | 10-12 || total
-------------------------+-------+-------+-------+-------++-------
Melee: Hand axe          |    72 |    96 |   369 |   117 ||   654
       Bite              |     4 |    11 |    36 |    47 ||    98
       Punch             |       |     2 |     6 |     5 ||    13
       War axe           |       |       |       |   278 ||   278
Throw: Tomahawk          |       |     4 |     6 |    19 ||    29
       Javelin           |       |       |       |     3 ||     3
       Throwing net      |       |       |       |     1 ||     1
 Cast: Infusion          |    19 |     6 |    24 |     4 ||    53
       Shroud of Golubri |     1 |     4 |     5 |     9 ||    19
       Regeneration      |     1 |     1 |     8 |    10 ||    20
       Song of Slaying   |     1 |     1 |     3 |     4 ||     9
       Spectral Weapon   |       |     6 |    35 |    33 ||    74
Invok: Stomp             |       |       |     3 |     4 ||     7
  Use: Scroll            |       |     1 |    13 |     2 ||    16
       Potion            |       |       |       |     4 ||     4
 Stab: Sleeping          |     1 |       |     5 |     3 ||     9
       Distracted        |       |       |     3 |     8 ||    11
       Paralysed         |       |       |     1 |    18 ||    19
  Eat: Chunk             |     2 |     4 |    12 |    10 ||    28
       Ration            |       |       |     2 |     2 ||     4
Armor: Leather armour    |    17 |    16 |    90 |    58 ||   181
       Skin              |       |       |       |     8 ||     8
       Troll leather arm |       |       |       |    31 ||    31
Dodge: Dodged            |    45 |    89 |   274 |   297 ||   705
Block: Buckler           |       |       |       |    69 ||    69
